cohdb
Replays
Latest Replays
All Replays
Popular Replays
Top Player Replays
Match Explorer
How It Works
Community
CoH3 Stats
Reddit
Sign in to upload your games and track your stats! →
Sign in with Steam
Match 45136275
Unlisted
Match 45136275
Overview
Messages
Build Orders
End
Royal Engineer Section
Construct Section Command Post
Dingo Light Scout Car
Vickers Machine Gun Team
Dingo Light Scout Car
Vickers Machine Gun Team
Construct Platoon Command Post
6-pounder Anti-tank Gun Team
Unlock Bishop Self-propelled Artillery
Selects Heavy Armor Battlegroup
Selects Rigorous Vehicle Training
Bishop Self-propelled Artillery
Infantry Section
Selects Forward Repair Assembly
Selects UNKNOWN (2162094)
Construct Company Command Post
6-pounder Anti-tank Gun Team
Foot Guards Section
Churchill IV Heavy Tank
Selects Light Vehicle Withdraw and Refit
Selects Radio Net
Selects Recon Artillery
Recon Artillery
Churchill IV Heavy Tank
Churchill IV Heavy Tank
Recon Artillery
Armored Vehicle Training
Recon Artillery
Royal Engineer Section
Churchill IV Heavy Tank
Recon Artillery
Churchill IV Heavy Tank
Infantry Section
Infantry Section
Foot Guards Section
Churchill IV Heavy Tank
Recon Artillery
Recon Artillery
Churchill IV Heavy Tank
Recon Artillery
Mowgli01
William Archer
[BBC] octo
[✚MEDIC✚] MyToine
tublie
Eswald
吃瓜群众
向日葵班的小西瓜
0
0
Comments
sign in to comment!
No comments posted yet!